AoeStats
← stencek

Arena

509422136Analyzed
1v1 RM · 6d ago on Sep 26, 2026· 32m 48s· 2 players
Game mode
Random Map
Map size
Tiny (2 player)
Population
200
Speed
Normal
Resources
Standard
Victory
Conquest
Starting age
Dark Age
Ending age
Imperial Age
RankedLock teamsTeams togetherTeam positionsShared explorationLock speedFull tech treeHidden civsTurbo modeCheats
Victory
Defeat
🇨🇿 Bohemians · Czechia
538
+14
🇲🇦 Huns · Morocco
504
-14
Wydadi
10:13 Feudal Age
11:11 Double-Bit Axe
15:40 Horse Collar
19:12 Castle Age
17:47 Gold Mining
20:43 Pikeman
21:34 Pikeman
32:31 Town Watch
stencek
11:03 Feudal Age
9:20 Loom
11:44 Double-Bit Axe
12:22 Horse Collar
15:27 Wheelbarrow
15:55 Man-at-Arms
29:57 Castle Age
29:25 Forging
29:15 Scale Mail Armor
29:21 Scale Barding Armor
29:17 Padded Archer Armor
Connection lost

Rejoining the realm…

Still unreachable

The connection could not be restored.

Session expired

The server has moved on; the page needs a fresh start.